Flora, neutral female gnomish Wizard -------- ------ |<|>...---%...| |^|-......``..| |^||.```|.`.`.| |^||....|.....| |^|------@----| |^| |G`q.(.| |^------.....%| |..^^^^````...| |..-----......| ---- -------- Flora the Wizard Experience level: 6 Strength: 11 Dexterity: 11 Constitution: 15 Intelligence: 20 Wisdom: 15 Charisma: 8 Health: 0(38) Energy: 80(80) Def: 3 Gold: 612 Moves: 3244 Dungeon seed [set]: Game ID: Flora_1714567243 Your Inventory: Coins $ - 612 gold pieces Amulets l - an uncursed amulet of ESP o - a cursed amulet of strangulation Weapons a - a blessed +1 quarterstaff f - an uncursed +2 aklys (alternate weapon; not wielded) w - a blessed +0 dagger (in quiver) x - a blessed +4 elven dagger (weapon in hand) Armor e - an uncursed +0 cloak of magic resistance (being worn) F - a cursed -1 pair of low boots N - an uncursed +0 elven leather helm O - an uncursed +0 leather armor (being worn) Comestibles h - 5 uncursed food rations i - 2 uncursed fortune cookies u - an uncursed lichen corpse B - 3 uncursed pancakes C - an uncursed tin of spinach M - an uncursed orange Scrolls g - 2 uncursed scrolls of identify j - an uncursed scroll of teleportation m - a cursed scroll of enchant weapon p - 3 uncursed scrolls of enchant weapon y - an uncursed scroll of fire z - an uncursed scroll of scare monster A - a blessed scroll of remove curse E - an uncursed scroll of blank paper Spellbooks b - a blessed spellbook of force bolt c - an uncursed spellbook of knock v - an uncursed spellbook of magic missile I - an uncursed spellbook of knock Potions r - an uncursed potion of monster detection G - an uncursed potion of hallucination J - 2 cursed potions of hallucination K - a cursed potion of confusion Wands d - a blessed wand of nothing (0:6) k - an uncursed wand of light (0:13) s - an uncursed wand of cancellation (0:4) t - an uncursed wand of enlightenment (0:11) P - an uncursed wand of cancellation (0:6) Tools H - an uncursed +0 unicorn horn L - an uncursed tin whistle Gems n - 2 uncursed worthless pieces of black glass q - an uncursed worthless piece of violet glass Y - an uncursed worthless piece of green glass Spells and supernatural/magical abilities: Name Level Category Fail Memory a - force bolt 1 attack 0% 84% b - magic missile 2 attack 0% 89% k - knock 1 matter 0% 84% W - pray for help -- divine ? -- Your skills at the end: Miscellaneous Skills wands [Basic] Weapon Skills quarterstaff [Basic] crossbow [Basic] Spellcasting Skills attack spells [Basic] enchantment spells [Basic] Final Attributes: You were fervently aligned. You were poison resistant. You were magic-protected. You were telepathic. You had infravision. You were somewhat stealthy. You are dead. Vanquished creatures: a dingo a white unicorn 2 human zombies a bugbear an imp a wood nymph an Uruk-hai a rock piercer a gnome lord a red naga hatchling 2 gray oozes a straw golem a paper golem 2 giant ants a floating eye a kobold lord 2 iguanas a hill orc a rothe a giant bat a dwarf zombie 2 hobbits an acid blob 2 large kobolds a gecko 3 hobgoblins a giant rat 4 cave spiders a brown mold 3 green molds a red mold 3 jackals a fox a kobold 5 newts 5 goblins 5 sewer rats 5 grid bugs a bat 5 lichens 75 creatures vanquished. Voluntary challenges: You did not adorn yourself with jewelry or accessories. You did not cause conflict. You were not invisible. You did not have reflection. You were not displaced. You did not donate to any temples.. You used a wielded weapon 33 times, starting on turn 3. You did not use plumbed fixtures. You did not drink any magical draughts. You read items or engraved 2 times, starting on turn 1023. You never genocided any monsters. You never polymorphed an object. You never changed form. You used no wishes. You did not use any artifacts. You never split a pudding. You never wrote Elbereth's name. You violated your moral code, losing 2 points of alignment, starting on turn 1191. Dungeon overview: The Dungeons of Doom: levels 1 to 9 Level 1 a long staircase Level 2 a fountain Level 3 a vault, a shop Level 4 some fountains a long staircase Level 5 a vault, a fountain Level 6 a fountain Level 7 a vault, a throne Level 8 many fountains Level 9 a fountain stairs to Sokoban Sokoban: Level 8 <- You were here a magic chest stairs to The Dungeons of Doom History has recorded: On T:1 you entered the Dungeons of Doom to retrieve the Amulet of Yendor! On T:135 you reached level 2 of The Dungeons of Doom. On T:285 you advanced to experience level 2. On T:387 you reached level 3 of The Dungeons of Doom. On T:801 you reached level 4 of The Dungeons of Doom. On T:831 you advanced to experience level 3. On T:1150 you prayed to Thoth. On T:1207 you advanced to experience level 4. On T:1251 you reached level 5 of The Dungeons of Doom. On T:1544 you reached level 6 of The Dungeons of Doom. On T:1766 you reached level 7 of The Dungeons of Doom. On T:2026 you advanced to experience level 5. On T:2174 you unlocked the orcish race by entering a throne room. On T:2667 you reached level 8 of The Dungeons of Doom. On T:2731 you advanced to experience level 6. On T:3079 you reached level 9 of The Dungeons of Doom. On T:3207 you reached level 4 of Sokoban. Score breakdown: Gold: 612 ( 61 points) Experience: 6 levels ( 500 points) Exploration: 9 levels ( 240 points) Discoveries: 23 items ( 1150 points) Variety of kills: 40 monsters ( 2000 points) Major goal: (nothing yet) ( 0 points) Survival: died (score multiplied by 3) Total score: 11853 Latest messages: You kill the dingo! The magic missile bounces! There are a few objects here. You have a little trouble lifting h - a food ration. This dingo corpse tastes terrible! You stop eating. (2x) You finish eating the dingo corpse. You have a little trouble lifting P - a zinc wand. With great effort you move the boulder. The air crackles around the gnomish wizard. The gnomish wizard points at you, then curses. You miss the gnomish wizard. The gnomish wizard points at you, then curses. Never mind. You miss the gnomish wizard. The mumak butts! The mumak bites! You die... Final status: Goodbye Flora the Wizard, killed by a mumak... You died in Sokoban on dungeon level 8 with 11853 points, and 612 pieces of gold, after 3244 moves. You were level 6 with a maximum of 38 hit points when you died.